 Dungeon Crawl Stone Soup version 0.17-a0-2055-gb4e23be (webtiles) character file.

365 st0uf the Skirmisher (level 6, 0/51 HPs)
             Began as a Mummy Fighter on Oct 11, 2015.
             Was a Follower of Okawaru.
             Slain by Purgy (6 damage)
             ... on level 4 of the Dungeon.
             The game lasted 00:14:37 (3645 turns).

st0uf the Skirmisher (Mummy Fighter)                Turns: 3645, Time: 00:14:37

Health: 0/51       AC:  7    Str: 21    XL:     6   Next: 40%
Magic:  6/6        EV:  7    Int:  7    God:    Okawaru [*.....]
Gold:   155        SH:  9    Dex: 12    Spells: 0 memorised, 5 levels left

rFire  x . .     SeeInvis .     k - +0 morningstar
rCold  + . .     Clarity  .     b - +0 scale mail
rNeg   + + +     SustAt   .     c - +0 shield
rPois  ∞         Gourm    .     (no helmet)
rElec  .         Spirit   .     (no cloak)
rCorr  .         Warding  .     (no gloves)
rMut   .         Stasis   .     (no boots)
MR     .....                    (no amulet)
Stlth  ..........               (no ring)
                                e - +1 ring of protection

@: not resistant to hostile enchantments, extremely unstealthy
A: no food or potions, fire vulnerability, cold resistance 1, negative energy
resistance 3, torment resistance, unbreathing
a: Heroism, Renounce Religion


You were on level 4 of the Dungeon.
You worshipped Okawaru.
Okawaru was aware of your devotion.
You were not hungry.

You visited 1 branch of the dungeon, and saw 4 of its levels.

You collected 155 gold pieces.

Inventory:

Hand Weapons
 a - a +0 flail
 k - a +0 morningstar (weapon)
Armour
 b - a +0 scale mail (worn)
 c - a +0 shield (worn)
Jewellery
 e - a +1 ring of protection (left hand)
 h - an uncursed ring of ice {unknown}
 m - an uncursed ring of positive energy {unknown}
Wands
 i - a wand of digging (8)
Scrolls
 d - 2 scrolls of remove curse {unknown}
 f - 4 scrolls of identify {unknown}
 g - a scroll of enchant weapon {unknown}
 j - 2 scrolls of fear {unknown}
 l - 3 scrolls of amnesia {unknown}
 n - a scroll of enchant armour {unknown}
 o - a scroll of random uselessness {unknown}
 p - a scroll of recharging {unknown}


   Skills:
 + Level 5.5 Fighting
 + Level 4.1 Maces & Flails
 - Level 2.4 Armour
 - Level 2.4 Shields


You had 5 spell levels left.
You didn't know any spells.

Dungeon Overview and Level Annotations

Branches:
Dungeon (4/15)
 Temple: D:4-7

Altars:
Cheibriados
Fedhas
Kikubaaqudgha
Okawaru
Vehumet

Annotations:
D:4 Purgy


Innate Abilities, Weirdness & Mutations

You do not eat or drink.
Your flesh is vulnerable to fire.
You are immune to poison.
Your flesh is cold resistant.
You are immune to negative energy.
You are immune to unholy pain and torment.
You can survive without breathing.


Message History

You block the worker ant's attack. Purgy bites you.
* * * LOW HITPOINT WARNING * * *
Purgy claws you but does no damage. You block Purgy's attack.
You barely miss the worker ant.
The worker ant is lightly wounded.
The worker ant bites you but does no damage.
Purgy bites you but does no damage. Purgy claws you but does no damage.
Purgy claws you but does no damage. The worker ant barely misses you.
You hit the worker ant but do no damage.
The worker ant is lightly wounded.
Purgy barely misses you. You block Purgy's attack.
Purgy claws you but does no damage.
The worker ant bites you but does no damage.
You block Purgy's attack. Purgy claws you but does no damage.
You block Purgy's attack. The worker ant bites you.
* * * LOW HITPOINT WARNING * * *
You closely miss the worker ant.
The worker ant is lightly wounded.
You block the worker ant's attack. Purgy bites you.
You die...

..# #####....#
#####....... .##
##........##
##.....# ##
#..........## ###
#....## #
##.###.###...###.##
##...## # ##.##
#####........#
##....# ####.##
#........###.##
#...... .#..##
.#####.##
##.####....## ...##
#a# ##.#...####
...#####.# #@#
#...## ## #.......#
#T# #†.## ###.
#..###### ##.# ##..#
##... #..# ##..#
###...####...# #..#
#..####...........##
#..## #..#
#..####....###
#...###### #.##
#..###...###
..<......## #.##
##.......#
..........# #..#
#######.#


You could see Purgy and a worker ant.

Vanquished Creatures
  Blork the orc (D:4)
  A hound (D:4)
  A centaur skeleton (D:4)
  A worker ant (D:4)
  Jessica (D:2)
  An iguana (D:4)
  3 gnolls (D:2)
  7 adders
  An ooze (D:1)
  A worm (D:3)
  4 orcs (D:3)
  6 goblins
  6 hobgoblins
  9 kobolds
  2 quokkas
  10 bats
  3 giant cockroaches
  10 rats
68 creatures vanquished.

Notes
Turn   | Place    | Note
--------------------------------------------------------------
     0 | D:1      | st0uf the Mummy Fighter began the quest for the Orb.
     0 | D:1      | Reached XP level 1. HP: 18/18 MP: 1/1
   184 | D:1      | Reached XP level 2. HP: 6/24 MP: 2/2
   916 | D:1      | Reached XP level 3. HP: 28/30 MP: 3/3
  1186 | D:2      | Found a snail-covered altar of Cheibriados.
  1301 | D:2      | Found an iron altar of Okawaru.
  1313 | D:2      | Became a worshipper of Warmaster Okawaru
  1548 | D:2      | Found a blossoming altar of Fedhas.
  1738 | D:2      | Noticed Jessica
  1751 | D:2      | Killed Jessica
  1751 | D:2      | Reached skill level 4 in Fighting
  1751 | D:2      | Reached XP level 4. HP: 37/37 MP: 4/4
  1965 | D:2      | Found an ancient bone altar of Kikubaaqudgha.
  2352 | D:3      | Reached XP level 5. HP: 43/43 MP: 5/5
  2530 | D:3      | Found a radiant altar of Vehumet.
  2953 | D:4      | Reached skill level 5 in Fighting
  3098 | D:4      | Noticed Blork the orc
  3104 | D:4      | Killed Blork the orc
  3104 | D:4      | Acquired Okawaru's first power
  3104 | D:4      | Reached XP level 6. HP: 35/51 MP: 6/6
  3590 | D:4      | Noticed Purgy
  3645 | D:4      | Slain by Purgy

Vault maps used:
D:1:      minmay_arrival_diagonal_passages
D:2:      cheibriados_altar_1, kiku_gazebo_garden_becter,
          okawaru_metal_pillars_1_2, fedhas_altar_fruit_tree, uniq_jessica
D:3:      vehumet_crystals, minmay_misc_feat_plants
D:4:      grunt_temple_overflow_opulence, first_bread, grunt_qazlal_clouds,
          uniq_blork_the_orc, uniq_purgy

Action                   |  1- 3 |  4- 6 || total
-------------------------+-------+-------++-------
Melee: Flail             |   155 |    79 ||   234
       Morningstar       |       |    71 ||    71
